 Dungeon Crawl Stone Soup version 0.29-a0-451-gfbfa42419e (console) character file.

Game seed: 7714814184788896453

607 Faeu the Covert (level 7, -1/36 HPs)
             Began as a Vampire Enchanter on May 19, 2022.
             Slain by a shadow (4 damage)
             ... on level 5 of the Dungeon.
             The game lasted 00:25:55 (3756 turns).

Faeu the Covert (Vampire Enchanter)                 Turns: 3756, Time: 00:25:55

Health: -1/36      AC: 10    Str: 11    XL:     7   Next: 19%
Magic:  10/10      EV: 11    Int: 18    God:
Gold:   293        SH:  0    Dex: 16    Spells: 10/10 levels left

rFire   x . .      SeeInvis +   a - +1 dagger
rCold   + + +      Faith    .   (no shield)
rNeg    + + +      Spirit   .   y - +5 ring mail "Piase" {rF- rC+ Str+4}
rPois   ∞          Reflect  .   (no helmet)
rElec   .          Harm     .   (no cloak)
rCorr   .          Rampage  .   (no gloves)
Will    .....                   (no boots)
Stlth   ++++++....              (no amulet)
HPRegen 0.00/turn               (no ring)
MPRegen 0.12/turn               (no ring)

@: bloodless, inhibited regen
A: bloodless, fangs 3, see invisible, vampiric 2
a: Bat Form, Revivify


You were on level 5 of the Dungeon.
You visited 1 branch of the dungeon, and saw 5 of its levels.

You collected 293 gold pieces.

Inventory:

Hand Weapons
 a - a +1 dagger (weapon)
Missiles
 t - 133 stones (quivered)
Armour
 w - a +3 leather armour
 y - the +5 ring mail "Piase" (worn) {rF- rC+ Str+4}
   (You found it on level 3 of the Dungeon)

   Str:       It affects your strength (+4).
   rF:        It makes you vulnerable to fire.
   rC:        It protects you from cold.
Jewellery
 q - a ring of fire
 E - a ring of ice
Wands
 s - a wand of flame (34)
Scrolls
 b - a scroll of summoning {unknown}
 d - 2 scrolls of blinking
 e - a scroll of poison {unknown}
 f - 3 scrolls of identify
 h - a scroll of enchant weapon {unknown}
 j - a scroll of amnesia {unknown}
 k - 3 scrolls of teleportation
 n - a scroll of brand weapon {unknown}
 p - a scroll of immolation {unknown}
 r - a scroll of magic mapping {unknown}
 v - 3 scrolls of vulnerability
 A - a scroll of noise {unknown}
Potions
 c - a potion of invisibility
 g - a potion of attraction {unknown}
 i - 3 potions of haste
 l - 2 potions of cancellation {unknown}
 m - 3 potions of heal wounds
 o - 3 potions of might {unknown}
 u - 3 potions of resistance {unknown}
 x - a potion of degeneration {unknown}
 z - a potion of flight {unknown}
 B - a potion of lignification {unknown}
 C - a potion of brilliance {unknown}
 D - a potion of curing {unknown}


   Skills:
 - Level 2.2 Short Blades
 - Level 2.8 Dodging
 + Level 10.4 Stealth
 - Level 2.3 Spellcasting
 + Level 6.6 Hexes
 + Level 1.2 Ice Magic


You had 10 spell levels left.
You didn't know any spells.
Your spell library contained the following spells:

 Spells                   Type           Power      Damage    Failure   Level
 Confusing Touch          Hex            26%        N/A       9%          3
 Tukima's Dance           Hex            26%        N/A       9%          3
 Ensorcelled Hibernation  Hex/Ice        32%        N/A       13%         2
 Dazzling Flash           Conj/Hex       28%        N/A       32%         3
 Frozen Ramparts          Ice            12%        1d3       58%         3
 Gell's Gravitas          Tloc           2%         N/A       77%         3
 Lesser Beckoning         Tloc           2%         N/A       77%         3
 Teleport Other           Tloc           2%         N/A       77%         3
 Ice Form                 Ice/Tmut       4%         N/A       97%         4
 Summon Ice Beast         Ice/Summ       4%         N/A       97%         4


Dungeon Overview and Level Annotations

Branches:
Dungeon (5/15)
 Temple: D:4-7

Altars:

Shops:
D:5 *

Annotations:
D:3 Ijyb


Innate Abilities, Weirdness & Mutations

You do not regenerate when monsters are visible.
You are frail without blood (-20% HP).
You can heal yourself when you bite living creatures.
You are immune to poison.
You have razor-sharp teeth.
You have supernaturally acute eyesight. (SInv)
You are afflicted with vampirism and can become a bat while bloodless.


Message History

The shadow is heavily damaged.
The shadow completely misses you.
You barely miss the shadow.
The shadow is moderately damaged.
The shadow hits you.
You hit the shadow but do no damage. Your bite misses the shadow.
The shadow is moderately damaged.
The shadow hits you!
You closely miss the shadow.
The shadow is moderately damaged.
The shadow hits you!
You closely miss the shadow. Your bite misses the shadow.
The shadow is moderately damaged.
You hit the shadow but do no damage.
The shadow is moderately damaged.
The shadow closely misses you.
You hit the shadow.
The shadow is heavily damaged.
The shadow hits you!
* * * LOW HITPOINT WARNING * * *
Okay, then.
Unknown command.
The shadow closely misses you.
You begin bloodletting.
You continue bloodletting.
The shadow hits you.
Keep bloodletting?
You continue bloodletting.
The shadow hits you.
* * * LOW HITPOINT WARNING * * *
You continue bloodletting.
The shadow completely misses you.
You continue bloodletting.
The shadow hits you.
* * * LOW HITPOINT WARNING * * *
You continue bloodletting.
The shadow hits you.
You become bloodless.
Unknown command.
The shadow attacks as you move away! The shadow hits you.
You die...

.#.#### #.#.#.##.# #.. .#.#..#
###.#.#.##.# #.# ...<..#
...#.#...[# #.# ...#..# #
#####....#..#####.# ......# #.
..#.....#........# ...##.#
#.###.#.....#.......####.
#.....#.#.....#..#..#.......'..'.
......#.#.#......#..#.......####.
......#........)#...........#
......###.#.#####...##.######
#...............@W..........
#.....#####..#.#.#.#.......#
#..............#..\..#####.#
........##.#...#.#.#...# #.#
###.#...##.....#.#...#.###.#
#.##'######..#.#.......[.# #.##.#
..#%#.....###.# #.##.#
###.#......##.# ..##.#
#.##.....##.###### ######'######
#.#......##......# ............#
#.#.#....##.###...


You could see a shadow.

Vanquished Creatures
  An ice beast (D:5)
  A phantom (D:5)
  A howler monkey (D:5)
  A hound (D:4)
  An orc priest (D:4)
  2 iguanas
  Natasha (thrice) (D:3)
  Terence (D:3)
  9 adders
  A white imp (D:5)
  2 worms
  3 dart slugs
  2 orcs (D:4)
  9 endoplasms
  3 giant cockroaches
  10 goblins
  7 hobgoblins
  8 quokkas
  10 ball pythons
  8 bats
  4 frilled lizards
  3 kobolds
  6 rats
96 creatures vanquished.

Notes
Turn   | Place    | Note
-------+----------+-------------------------------------------
     0 | D:1      | Faeu the Vampire Enchanter began the quest for the Orb.
     0 | D:1      | Reached XP level 1. HP: 13/13 MP: 3/3
   216 | D:1      | Reached XP level 2. HP: 19/19 MP: 5/5
   245 | D:1      | Found a faded altar of an unknown god.
   669 | D:1      | Gained mutation: You are afflicted with vampirism and can
                  | become a bat while bloodless. [Vampire growth]
   669 | D:1      | Reached XP level 3. HP: 24/24 MP: 6/6
  1004 | D:2      | Reached skill level 5 in Stealth
  1032 | D:2      | Reached skill level 5 in Hexes
  1248 | D:2      | Reached XP level 4. HP: 21/30 MP: 7/7
  1611 | D:3      | Reached skill level 6 in Stealth
  1640 | D:3      | Reached skill level 7 in Stealth
  1662 | D:3      | Reached XP level 5. HP: 32/35 MP: 8/8
  1720 | D:3      | Noticed Terence
  1726 | D:3      | Noticed Natasha
  1737 | D:3      | Killed Natasha
  1769 | D:3      | Killed Terence
  1770 | D:3      | Reached skill level 8 in Stealth
  1845 | D:3      | Noticed Natasha
  1846 | D:3      | Noticed Ijyb
  1859 | D:3      | Killed Natasha
  2220 | D:3      | Noticed Natasha
  2243 | D:3      | Killed Natasha
  2259 | D:3      | Identified the +5 ring mail "Piase" {rF- rC+ Str+4}
  2311 | D:4      | Reached skill level 9 in Stealth
  2311 | D:4      | Reached XP level 6. HP: 41/41 MP: 9/9
  3149 | D:5      | Entered Level 5 of the Dungeon
  3183 | D:5      | Noticed an ice beast
  3274 | D:5      | Killed an ice beast
  3275 | D:5      | Reached skill level 10 in Stealth
  3420 | D:5      | Found Mocaun's General Store.
  3538 | D:5      | Reached skill level 1 in Ice Magic
  3538 | D:5      | Reached XP level 7. HP: 29/46 MP: 10/10
  3719 | D:5      | Noticed a shadow
  3756 | D:5      | Slain by a shadow

Illustrated notes

Levels and vault maps discovered:
D:1:      minmay_arrival_wavy_path, layout_basic, basic_ecumenical_altar,
          minmay_misc_feat_encased, minmay_pentomino_x2
D:2:      layout_rooms
D:3:      layout_basic, kennysheep_generic_room_9, uniq_natasha, uniq_terence,
          uniq_ijyb
D:4:      layout_basic
D:5:      layout_basic, serial_shops, nicolae_shop_crystal

Skill      XL: |  1  2  3  4  5  6 |
---------------+-------------------+-----
Stealth        | 5 7 9 10 | 10.4
Short Blades   | 2 |  2.2
Hexes          | 5 6 |  6.6
Ice Magic      | 1 |  1.2
Dodging        | |  2.8
Spellcasting   | |  2.3

Action                   |  1- 3 |  4- 6 |  7- 9 || total
-------------------------+-------+-------+-------++-------
Melee: Dagger            |   147 |   290 |    18 ||   455
       Bite              |    19 |    35 |       ||    54
       Punch             |     3 |     5 |       ||     8
Throw: Stone             |       |    17 |       ||    17
 Abil: Exsanguinate      |       |       |     1 ||     1
  Use: Potion            |       |     1 |       ||     1
       Scroll            |       |     5 |       ||     5
 Stab: Sleeping          |     8 |    16 |     2 ||    26
       Distracted        |       |     1 |       ||     1
Armor: Robe              |     1 |       |       ||     1
       Leather armour    |    54 |    23 |       ||    77
       Ring mail         |       |    41 |     3 ||    44
Dodge: Dodged            |   101 |   131 |     8 ||   240

Table legend: (Time is in decaauts)
 A = Elapsed time spent in this place.
 B = Non-inter-level travel time spent in this place.
 C = Inter-level travel time spent in this place.
 D = Time resting spent in this place.
 E = Time spent auto-exploring this place.
 F = Levels seen in this place.
 G = Mean time per level.
                   A        B        C        D        E       F      G
               +--------+--------+--------+--------+--------+-----+--------+
         Total |   3710 |   3627 |     83 |    406 |   1510 |   5 |  742.0 |
       Dungeon |   3710 |   3627 |     83 |    406 |   1510 |   5 |  742.0 |
               +--------+--------+--------+--------+--------+-----+--------+

Top non-repeatable levels by time:
     D:1: 968 daAuts
     D:4: 902 daAuts
     D:3: 791 daAuts
     D:5: 552 daAuts
     D:2: 495 daAuts
